 Dungeon Crawl Stone Soup version 0.27.1-15-g792fb953b9 (webtiles) character file.

Game seed: 13934436658290870541

19 spaced the Ruffian (level 2, -2/23 HPs)
             Began as a Draconian Transmuter on Nov 19, 2021.
             Slain by a gnoll (3 damage)
             ... on level 2 of the Dungeon.
             The game lasted 00:03:42 (892 turns).

spaced the Ruffian (Draconian Transmuter)            Turns: 892, Time: 00:03:42

Health: -2/23      AC:  5    Str: 12    XL:     2   Next: 55%
Magic:  4/5        EV: 12    Int: 13    God:
Gold:   22         SH:  0    Dex: 11    Spells: 4/5 levels left

rFire    . . .     SeeInvis .     - Unarmed
rCold    . . .     Faith    .   (no shield)
rNeg     . . .     Spirit   .   (armour unavailable)
rPois    .         Reflect  .   (helmet currently unavailable)
rElec    .         Harm     .   (no cloak)
rCorr    .         Rampage  .   a - +0 pair of gloves
Will     .....                  (boots currently unavailable)
Stlth    +.........             (no amulet)
HPRegen  0.07/turn              (no ring)
MPRegen  0.09/turn              (no ring)

@: appendages
A: horns 2, talons 2, AC +4, unfitting armour, cold-blooded
a: End Transformation


You were on level 2 of the Dungeon.
You had temporarily grown beastly horns and talons.
You visited 1 branch of the dungeon, and saw 2 of its levels.

You collected 22 gold pieces.

Inventory:

Armour
 a - a +0 pair of gloves (worn)
Scrolls
 d - a scroll of enchant armour {unknown}
Potions
 b - a potion of heal wounds {unknown}
 c - a potion of curing {unknown}
 e - a potion of berserk rage {unknown}
 f - a potion of magic {unknown}


   Skills:
 + Level 1.1 Fighting
 + Level 2.0 Dodging
 + Level 3.4 Unarmed Combat
 + Level 2.2 Spellcasting
 + Level 2.1 Transmutations


You had 4 spell levels left.
You knew the following spells:

 Your Spells              Type           Power      Damage    Failure   Level
a - Beastly Appendage     Tmut           14%        N/A       11%         1

Your spell library contained the following spells:

 Spells                   Type           Power      Damage    Failure   Level
 Wereblood                Tmut           7%         N/A       16%         2
 Spider Form              Tmut/Pois      2%         N/A       43%         3
 Ice Form                 Ice/Tmut       4%         N/A       85%         4


Dungeon Overview and Level Annotations

Branches:
Dungeon (2/15)

Altars:

Shops:
D:1 [


Innate Abilities, Weirdness & Mutations

You have temporarily grown beastly horns and talons.
Your plain brown scales are hard. (AC +4)
You cannot fit into any form of body armour.
You are cold-blooded and may be slowed by cold attacks.


Message History

A kobold comes into view. It is wielding a +0 club.
Found a robe.
A rat comes into view.
A gnoll comes into view. It is wielding a +0 spear.
The gnoll shouts!
A gnoll comes into view. It is wielding a +0 halberd.
A gnoll comes into view. It is wielding a +0 spear.
The kobold shouts!
The gnoll shouts!
A gnoll comes into view. It is wielding a +0 club.
A giant cockroach comes into view.
The kobold barely misses you.
You barely miss the kobold.
The gnoll shouts! x2
The rat bites you but does no damage. The kobold hits you with a +0 club.
Casting: Beastly Appendage (safe; 11% risk of failure)
Confirm with . or Enter, or press ? or * to list all spells.
You grow a pair of large bovine horns.
Your feet morph into talons.
The rat closely misses you. The kobold barely misses you.
You hit the rat.
You kill the rat!
The gnoll hits you from afar with a +0 spear.
The kobold hits you with a +0 club.
You closely miss the kobold. Your headbutt misses the kobold.
The gnoll hits you from afar with a +0 spear.
The kobold closely misses you.
You closely miss the kobold. The gnoll hits you but does no damage.
The gnoll hits you from afar with a +0 spear.
The giant cockroach bites you but does no damage.
The kobold hits you but does no damage.
You barely miss the giant cockroach. The gnoll closely misses you. x2
The giant cockroach bites you. The kobold hits you but does no damage.
You barely miss the giant cockroach.
Your tail-slap misses the giant cockroach.
The gnoll hits you from afar with a +0 spear.
* * * LOW HITPOINT WARNING * * *
The giant cockroach barely misses you.
The gnoll hits you from afar with a +0 spear.
* * * LOW HITPOINT WARNING * * *
The gnoll hits you with a +0 club.
You die...

#. ..# ..
#.#...# #
....... ...
#.#...#.#
.......
..#+#.....#.###
.......
#.[...........
....... ##.....
....# .......
+.....##....#
.......
#.....@gg...#
#.....##
#.....BKg......
#.....<#
#.......g......
#......#
#.#............
#..#+#.# #
#.#+#........
#. #.#†# #.#
#........
#..#.#'###.#.#
#####....
#..........#.#
....
.#.......####.#


You could see 4 gnolls, a giant cockroach and a kobold.

Vanquished Creatures
  4 bats
  A giant cockroach (D:1)
  A goblin (D:1)
  2 hobgoblins
  2 jackals (D:1)
  2 ball pythons (D:1)
  2 frilled lizards (D:1)
  A kobold (D:1)
  2 rats
17 creatures vanquished.

Notes
Turn   | Place    | Note
-------+----------+-------------------------------------------
     0 | D:1      | spaced the Draconian Transmuter began the quest for the
                  | Orb.
     0 | D:1      | Reached XP level 1. HP: 16/16 MP: 3/3
   151 | D:1      | Found Xuewn's Antique Armour Emporium.
   263 | D:1      | Reached XP level 2. HP: 15/23 MP: 5/5
   892 | D:2      | HP: 1/23 [gnoll (5)]
   892 | D:2      | Slain by a gnoll

Illustrated notes

Levels and vault maps discovered:
D:1:      dpeg_arrival_pits, layout_loops_ring, serial_shops, shop
D:2:      layout_basic, basic_ecumenical_altar, minmay_pentomino_x4

Skill      XL: |  1  2 |
---------------+-------+-----
Dodging        | 2 |  2.0
Fighting       | |  1.1
Unarmed Combat | |  3.4
Spellcasting   | |  2.2
Transmutations | |  2.1

Action                   || total
-------------------------++-------
Melee: Unarmed           ||    53
       Headbutt          ||     5
       Kick              ||     4
       Tailslap          ||     2
 Cast: Beastly Appendage ||    11
Armor: Skin              ||    36
Dodge: Dodged            ||    49
